 Dungeon Sprint DCSS version 0.30.0-13-g156ef70053 (webtiles) character file.

Game seed: 15457720574859871002

533 workbot the Cleaver (level 7, -19/74 HPs)
             Began as a Minotaur Berserker on May 17, 2023.
             Was a Believer of Trog.
             Demolished by a sun demon (28 damage)
             ... summoned by a kobold demonologist
             ... in the Dungeon (Sprint I: "Red Sonja").
             The game lasted 00:01:35 (445 turns).

workbot the Cleaver (Minotaur Berserker)             Turns: 445, Time: 00:01:36

Health: -19/74     AC:  2    Str: 24    XL:     7   Next: 4%
Magic:  6/6        EV: 13    Int:  4    God:    Trog [**....]
Gold:   270        SH:  0    Dex:  9    Spells: 6/6 levels left

rFire   . . .        j - +4 club
rCold   . . .        (no shield)
rNeg    . . .        b - +0 animal skin
rPois   .            (helmet restricted)
rElec   .            (no cloak)
rCorr   .            (no gloves)
SInv    .            (no boots)
Will    .....        (no amulet)
Stlth   +            (no ring)
HPRegen 0.32/turn    (no ring)
MPRegen 0.10/turn

%: no teleportation
@: spiked, hasted, very quick
A: horns 2, retaliatory headbutt
a: Renounce Religion, Berserk, Trog's Hand


You were in the Dungeon.
You worshipped Trog.
Trog was pleased with you.
You visited 1 branch You collected 270 gold pieces.

Inventory:

Hand Weapons
 j - a +4 club (weapon)
Armour
 b - a +0 animal skin (worn)
Wands
 i - a wand of polymorph (7)
Scrolls
 h - a scroll of blinking
Potions
 c - a potion of curing
 f - 2 potions of magic
 g - a potion of berserk rage


   Skills:
 + Level 11.4 Fighting
 + Level 11.4(11.6) Axes
 + Level 3.0(7.9) Maces & Flails
 + Level 6.0 Armour
 + Level 6.2 Dodging
 + Level 2.0 Unarmed Combat


You had 6 spell levels left.
You didn't know any spells.
Your spell library was empty.

Dungeon Overview and Level Annotations

Branches:
Dungeon (1/1)

Altars:
Makhleb
Xom
Jiyva
Lugonu


Innate Abilities, Weirdness & Mutations

You have a pair of horns on your head.
You reflexively headbutt those who attack you in melee.


Message History

Barbed spikes become lodged in your body.
The soul eater draws from the surrounding life force!
* * * LOW HITPOINT WARNING * * *
You can move again.
You hit the floating eye. You punch the floating eye.
The floating eye is severely wounded.
The floating eye gazes piercingly through you!
You shrug off the repeated paralysis!
Unknown command.
You hit the floating eye. You headbutt the floating eye.
You kill the floating eye!
Trog accepts your kill. The red devil closely misses you.
You furiously retaliate!
You headbutt the red devil, but do no damage.
Your base Maces & Flails skill increases to level 3!
Your Armour skill increases to level 6!
Your Unarmed Combat skill increases to level 2!
You have reached level 7!
You feel much better.
The kobold demonologist gestures wildly while chanting.
The red devil misses you.
You closely miss the kobold demonologist.
You headbutt the kobold demonologist, but do no damage.
You hit the kobold demonologist.
Your headbutt misses the kobold demonologist.
The kobold demonologist is lightly wounded.
The kobold demonologist hits you with a +0 dagger.
The red devil closely misses you.
You hit the kobold demonologist.
The kobold demonologist is moderately wounded.
The kobold demonologist casts a spell.
You closely miss the kobold demonologist.
The kobold demonologist is moderately wounded.
The red devil hits you with a +0 trident!!
* * * LOW HITPOINT WARNING * * *
Barbed spikes become lodged in your body.
You thump the kobold demonologist!
The kobold demonologist is heavily wounded.
The sun demon hits you!!
You die...

######################
..)..#.)'..#__#3@K34.#
).#..'..#..'..'.4#5K5#
####'#####+#__#### 5.+
#..# #### ## ####


You could see a soul eater (summoned), a sun demon (summoned), 2 kobold
demonologists, 2 red devils, an iron imp (summoned), a shadow imp (summoned) and
an ufetubus (summoned).

Vanquished Creatures
  A slime creature (D)
  Sigmund (D)
  A floating eye (D)
  An ogre (D)
  Ijyb (D)
5 creatures vanquished.

Notes
Turn   | Place    | Note
-------+----------+-------------------------------------------
     0 | D        | workbot the Minotaur Berserker began the quest for the Orb.
     0 | D        | Reached XP level 1. HP: 19/19 MP: 0/0
     2 | D        | Noticed Ijyb
     9 | D        | Killed Ijyb
    10 | D        | Reached skill level 5 in Fighting
    10 | D        | Reached skill level 5 in Axes
    10 | D        | Reached XP level 2. HP: 29/29 MP: 1/1
    27 | D        | Noticed an ogre
    34 | D        | Killed an ogre
    35 | D        | Reached skill level 1 in Unarmed Combat
    35 | D        | Reached XP level 3. HP: 7/39 MP: 2/2
    35 | D        | Reached XP level 4. HP: 8/47 MP: 3/3
   183 | D        | Noticed Sigmund
   194 | D        | Killed Sigmund
   194 | D        | Reached ** piety under Trog
   195 | D        | Reached skill level 1 in Maces & Flails
   195 | D        | Reached skill level 5 in Armour
   195 | D        | Reached skill level 5 in Dodging
   195 | D        | Reached XP level 5. HP: 9/58 MP: 4/4
   375 | D        | Found a burning altar of Makhleb.
   375 | D        | Found a viscous altar of Jiyva.
   375 | D        | Found a shimmering altar of Xom.
   375 | D        | Found a corrupted altar of Lugonu.
   375 | D        | Noticed a slime creature
   383 | D        | Killed a slime creature
   384 | D        | Reached XP level 6. HP: 66/68 MP: 5/5
   433 | D        | Noticed a kobold demonologist
   433 | D        | Noticed a floating eye
   433 | D        | Noticed a kobold demonologist
   434 | D        | Noticed a soul eater
   434 | D        | Paralysed by a floating eye for 4 turns
   436 | D        | Noticed a red devil
   438 | D        | Noticed a smoke demon
   439 | D        | Killed a floating eye
   440 | D        | Reached XP level 7. HP: 5/74 MP: 6/6
   441 | D        | Noticed a red devil
   444 | D        | Noticed a sun demon
   445 | D        | Demolished by a sun demon

Illustrated notes

Levels and vault maps discovered:
D:        dungeon_sprint_1 [red_sonja_temple_1, red_sonja_temple_small_1]

Skill      XL: |  1  2  3  4  5  6 |
---------------+-------------------+-----
Fighting       | 5 7 9 11 | 11.4
Axes           | 5 7 9 11 | 11.4
Armour         | 3 4 5 6 |  6.0
Dodging        | 3 4 5 6 |  6.2
Unarmed Combat | 1 2 |  2.0
Maces & Flails | 1 2 3 |  3.0

Action                     |  1- 3 |  4- 6 |  7- 9 || total
---------------------------+-------+-------+-------++-------
  Melee: Unarmed           |     5 |       |       ||     5
         Club              |     7 |    18 |     5 ||    30
         Headbutt          |     2 |     2 |     1 ||     5
         Punch             |       |     1 |       ||     1
 Invoke: Berserk           |     1 |     1 |       ||     2
    Use: Potion            |       |     1 |     1 ||     2
  Dodge: Dodged            |     8 |     2 |     2 ||    12
